AoeStats
← lucien

Arabia

510855533Analyzed
1v1 RM · 10h ago on Oct 2, 2026· 17m 51s· 2 players
Game mode
Random Map
Map size
Tiny (2 player)
Population
200
Speed
Normal
Resources
Standard
Victory
Conquest
Starting age
Dark Age
Ending age
Imperial Age
RankedLock teamsTeams togetherTeam positionsShared explorationLock speedFull tech treeHidden civsTurbo modeCheats
Victory
Defeat
🇨🇿 Armenians · Czechia
1088
+17
🇦🇷 Vietnamese · Argentina
1101
-17
lucien
5:20 Loom
10:35 Feudal Age
10:45 Man-at-Arms
13:16 Arson
12:52 Long Swordsman
EGIRR
8:44 Loom
10:34 Feudal Age
15:31 Castle Age
Connection lost

Rejoining the realm…

Still unreachable

The connection could not be restored.

Session expired

The server has moved on; the page needs a fresh start.